cohdb
Replays
Latest Replays
All Replays
Popular Replays
Top Player Replays
Match Explorer
How It Works
Community
CoH3 Stats
Reddit
Sign in to upload your games and track your stats! →
Sign in with Steam
Match 44716916
Unlisted
Match 44716916
Overview
Messages
Build Orders
End
Kradschützen Motorcycle Team
Panzerpioneer Squad
250 Light Carrier
Construct Light Support Kompanie
Assault Grenadier Squad
Selects Battlefield Espionage Battlegroup
Assault Grenadier Squad
2.5-tonne Medical Truck
Selects 250/3 Funkpanzerwagen
Panzerjäger Mechanized Group
Fire Support Elements
Selects Advanced Ambush Training
Pak 38 Anti-tank Gun Team
Flakvierling Half-track
Assault Grenadier Squad
Combat Half-tracks
Pak 38 Anti-tank Gun Team
Selects Intel Disruption Beacon
Selects Transfer Depots
Assault Grenadier Squad
Construct Panzerarmee Kommand
Selects Firestorm
Firestorm
Panzer III L Medium Tank
Vehicle Survival Package
Firestorm
Walking Stuka Rocket Launcher
Firestorm
Cocodemota
Bootyquake
0
0
Comments
sign in to comment!
No comments posted yet!